 Dungeon Crawl Stone Soup version 0.26-a0-61-g6c07f0ee8d (webtiles) character file.

Game seed: 3904721762794944112

295 MarredHen the Cutter (level 6, -5/39 HPs)
             Began as a Kobold Chaos Knight on June 8, 2020.
             Was a Plaything of Xom.
             Killed from afar by an acid dragon (11 damage)
             ... with a splash of acid
             ... on level 4 of the Dungeon.
             The game lasted 00:05:57 (3217 turns).

MarredHen the Cutter (Kobold Chaos Knight)          Turns: 3217, Time: 00:05:58

Health: -5/39      AC:  5    Str: 11    XL:     6   Next: 61%
Magic:  6/6        EV: 16    Int: 14    God:    Xom [.*....]
Gold:   153        SH:  0    Dex: 14    Spells: 5/5 levels left

rFire    . . .     SeeInvis .   r - +2 whip (vamp)
rCold    . . .     Gourm    .   (shield restricted)
rNeg     . . .     Faith    .   (no armour)
rPois    .         Spirit   .   (no helmet)
rElec    .         Reflect  .   (no cloak)
rCorr    .         Harm     .   e - +2 pair of gloves
MR       .....                  k - +1 pair of boots
Stlth    ++........             (no amulet)
HPRegen  0.13/turn              (no ring)
MPRegen  0.10/turn              (no ring)

@: no status effects
A: small, carnivore
a: Renounce Religion


You were on level 4 of the Dungeon.
You worshipped Xom.
You were a plaything of Xom.
You were very full.

You visited 1 branch of the dungeon, and saw 4 of its levels.

You collected 153 gold pieces.

Inventory:

Hand Weapons
 r - a +2 vampiric whip (weapon)
Armour
 e - a +2 pair of gloves (worn)
 k - a +1 pair of boots (worn)
Wands
 h - a wand of paralysis (9)
 i - a wand of random effects (8)
Scrolls
 a - 3 scrolls of fog {unknown}
 l - 2 scrolls of teleportation
 q - a scroll of fear {unknown}
Potions
 b - a potion of berserk rage {unknown}
 d - a potion of curing
 f - 2 potions of stabbing {unknown}
 j - a potion of experience {unknown}
 m - a potion of mutation {unknown}
 n - a potion of heal wounds {unknown}
 p - 2 potions of lignification {unknown}
Comestibles
 c - 8 rations


   Skills:
 + Level 4.3 Fighting
   Level 5.9 Short Blades
 + Level 0.9 Maces & Flails
 + Level 2.1 Armour
 + Level 4.2 Dodging
 + Level 2.0 Stealth


You had 5 spell levels left.
You didn't know any spells.
Your spell library was empty.

Dungeon Overview and Level Annotations

Branches:
Dungeon (4/15)
 Temple: D:4-7

Altars:


Innate Abilities, Weirdness & Mutations

You are small and have problems with some larger weapons.
You are carnivorous and can eat meat at any time.


Message History

Found a stone staircase leading down.
You see here 14 gold pieces.
You hit the ogre.
The ogre is lightly wounded.
The ogre hits you with a +0 giant spiked club!!
Ouch! That really hurt!
You hit the ogre.
You feel better.
The ogre is moderately wounded. "Hum-dee-hum-dee-hum..."
The ogre evaporates and reforms as an acid dragon!
There is an open door here.
You whack the acid dragon!
The acid dragon is moderately wounded.
The acid dragon bites you!
* * * LOW HITPOINT WARNING * * *
The acid dragon claws you but does no damage.
The acid dragon spits acid at you. The splash of acid hits you!
You die...
Xom chortles!

##+## #. ##...## #.
### ##)....## #.##.##
##.......#
#.#...####.).......#
#......)D'.........+
#.#...####@..........
###.##.##
##.......#.##
#>..$...# ##.....##.#
#........# ##...## #
#..#.##..# #+## #. #.
#..# # #. #..# ..
...# ## #.##


You could see an acid dragon (catching breath).

Vanquished Creatures
  An ogre (D:4)
  Jessica (D:3)
  Ijyb (D:3)
  An orc wizard (D:3)
  Natasha (D:4)
  A gnoll (D:1)
  An adder (D:2)
  3 oozes
  A worm (D:2)
  3 dart slugs
  2 leopard geckos (D:3)
  3 orcs (D:3)
  A ball python (D:1)
  6 giant cockroaches
  6 hobgoblins
  10 jackals
  5 kobolds
  A quokka (D:3)
  4 bats
  4 frilled lizards
  8 goblins
  5 rats
69 creatures vanquished.

Notes
Turn   | Place    | Note
-------+----------+-------------------------------------------
     0 | D:1      | MarredHen the Kobold Chaos Knight began the quest for the
                  | Orb.
     0 | D:1      | Reached XP level 1. HP: 14/14 MP: 1/1
    65 | D:1      | Reached XP level 2. HP: 19/19 MP: 2/2
   253 | D:1      | Reached XP level 3. HP: 16/23 MP: 3/3
   331 | D:1      | XOM: 2-stop teleportation journey
   470 | D:1      | XOM: silly message
   695 | D:1      | Reached skill level 5 in Short Blades
   816 | D:1      | Reached skill level 1 in Armour
   816 | D:1      | Reached XP level 4. HP: 28/29 MP: 4/4
  1444 | D:2      | XOM: silly message
  1621 | D:3      | Noticed Ijyb
  1640 | D:3      | Killed Ijyb
  1640 | D:3      | Reached XP level 5. HP: 33/33 MP: 5/5
  1889 | D:3      | Noticed Jessica
  1895 | D:3      | Killed Jessica
  2043 | D:3      | XOM: divination: detect creatures
  2248 | D:3      | Reached skill level 1 in Stealth
  2544 | D:3      | XOM: god gift: runed long sword {god gift}
  2838 | D:4      | Reached XP level 6. HP: 31/38 MP: 6/6
  2919 | D:4      | Noticed Natasha
  2928 | D:4      | Killed Natasha
  2928 | D:4      | XOM: 1-stop teleportation journey
  2929 | D:4      | Noticed an ogre
  2931 | D:4      | XOM: enchant monster (good)
  2932 | D:4      | XOM: cast spell 'Chain of Chaos'
  2938 | D:4      | Killed an ogre
  3203 | D:4      | Noticed an ogre
  3215 | D:4      | Noticed an acid dragon
  3215 | D:4      | an ogre changed into an acid dragon
  3215 | D:4      | XOM: polymorph ogre -> acid dragon
  3217 | D:4      | Killed from afar by an acid dragon

Illustrated notes

Levels and vault maps discovered:
D:1:      heliophobic_arrival_battle_scene, layout_basic,
          minmay_misc_feat_ornament
D:2:      layout_basic, minmay_pentomino_t2
D:3:      layout_loops_ring, uniq_ijyb, uniq_jessica
D:4:      layout_loops_corners, gammafunk_ghost_split, uniq_sigmund,
          uniq_natasha

Skill      XL: |  1  2  3  4  5  6 |
---------------+-------------------+-----
Dodging        | 3 4 |  4.2
Short Blades   | 5 |  5.9
Armour         | 1 2 |  2.1
Fighting       | 4 |  4.3
Stealth        | 1 2 |  2.0
Maces & Flails | |  0.9

Action                   |  1- 3 |  4- 6 || total
-------------------------+-------+-------++-------
Melee: Short sword       |    77 |   133 ||   210
       Whip              |       |    33 ||    33
  Use: Scroll            |       |     6 ||     6
 Stab: Sleeping          |     2 |     3 ||     5
  Eat: Chunk             |     4 |    10 ||    14
Armor: Leather armour    |    17 |    32 ||    49
       Skin              |       |    30 ||    30
Dodge: Dodged            |    55 |   136 ||   191

Table legend:
 A = Non-vault XP
 B = Vault XP
 C = Vault XP percentage of total XP
 D = Non-vault monster count
 E = Vault monster count
 F = Vault count percentage of total count
                 A         B        C        D         E       F
            +---------+---------+-------+---------+---------+-------
      Total |     312 |     110 |  26.1 |      65 |       4 |   5.8
            +---------+---------+-------+---------+---------+-------
        D:1 |      70 |       0 |   0.0 |      27 |       0 |   0.0
        D:2 |      34 |       2 |   5.6 |      12 |       1 |   7.7
        D:3 |      83 |      73 |  46.8 |      20 |       2 |   9.1
        D:4 |     125 |      35 |  21.9 |       6 |       1 |  14.3
            +---------+---------+-------+---------+---------+-------
